 Dungeon Crawl Stone Soup version 0.20.0-15-g7f486f2 (webtiles) character file.

163 sagitran the Magician (level 5, -6/37 HPs)
             Began as a Demonspawn Wanderer on June 11, 2017.
             Killed by divine providence
             ... invoked by an orc priest
              (11 damage)
             ... on level 3 of the Dungeon.
             The game lasted 01:07:17 (2776 turns).

sagitran the Magician (Demonspawn Wanderer)         Turns: 2776, Time: 01:07:18

Health: -6/37      AC:  3    Str: 12    XL:     5   Next: 20%
Magic:  11/11      EV: 11    Int: 14    God:    Xom [.....*]
Gold:   158        SH:  0    Dex: 13    Spells: 2/12 levels left

rFire    . . .     SeeInvis .   o - +2 dagger (speed)
rCold    . . .     Gourm    .   (no shield)
rNeg     . . .     Faith    .   p - +0 leather armour
rPois    .         Spirit   .   (no helmet)
rElec    .         Reflect  .   (no cloak)
rCorr    .         Harm     .   (no gloves)
MR       .....                  (no boots)
Stlth    ++........             (no amulet)
Regen    0.2/turn               (no ring)
MPRegen  0.2/turn               (no ring)

@: lethally poisoned (-6 -> -7)
A: demonic guardian 1, rot immunity
a: Renounce Religion


You were on level 3 of the Dungeon.
You worshipped Xom.
You were Xom's teddy bear.
You were not hungry.

You visited 1 branch of the dungeon, and saw 3 of its levels.

You collected 158 gold pieces.

Inventory:

Hand Weapons
 o - a +2 dagger of speed (weapon)
Armour
 d - a +0 robe
 p - a +0 leather armour (worn)
Scrolls
 c - 4 scrolls of teleportation
 j - a scroll of identify
 k - 2 scrolls of remove curse
Potions
 e - a potion of brilliance
 g - a potion of flight
Books
 a - a book of Frost

   Spells                             Type                      Level
   a - Freeze                         Ice                          1
   b - Throw Frost                    Conjuration/Ice              2
   c - Ozocubu's Armour               Charms/Ice                   3
   d - Throw Icicle                   Conjuration/Ice              4
   e - Summon Ice Beast               Ice/Summoning                4
 b - the Handbook of the Birds

   Spells                             Type                      Level
   a - Shock                          Conjuration/Air              1
   b - Mephitic Cloud                 Conjuration/Poison/Air       3
Comestibles
 f - a bread ration
 h - a chunk of flesh
 i - a fruit


   Skills:
 + Level 1.1 Fighting
 + Level 1.3 Short Blades
 + Level 0.6 Dodging
 + Level 1.7 Stealth
   Level 1.0 Shields
 + Level 4.2 Spellcasting
 + Level 1.1 Conjurations
   Level 2.0 Hexes
 + Level 3.1 Ice Magic
 + Level 0.1 Air Magic


You had 2 spell levels left.
You knew the following spells:

 Your Spells              Type           Power        Failure   Level  Hunger
a - Freeze                Ice            ##..         6%          1    None
b - Shock                 Conj/Air       #...         19%         1    None
c - Throw Frost           Conj/Ice       #.....       16%         2    ##.....
d - Ozocubu's Armour      Chrm/Ice       #.......     36%         3    ###....
e - Mephitic Cloud        Conj/Pois/Air  #.......     52%         3    ###....


Dungeon Overview and Level Annotations

Branches:
Dungeon (3/15)

Altars:
Dithmenos
Xom
Zin


Innate Abilities, Weirdness & Mutations

A weak demonic guardian rushes to your aid.
You are immune to rotting.


Message History

Your quasit claws the orc priest.
Your quasit claws the orc priest but does no damage.
The orc priest hits your quasit with a mace.
Your quasit bites the orc priest.
Your quasit barely misses the orc priest.
Your quasit claws the orc priest but does no damage.
Some of the chunks of flesh in your inventory have rotted away.
Your quasit bites the orc priest but does no damage.
Your quasit claws the orc priest but does no damage. x2
The orc priest calls down the wrath of Beogh upon your quasit.
Your quasit is smitten.
Your quasit dies!
The orc priest hits you with a mace.
* * * LOW HITPOINT WARNING * * *
You completely miss the orc priest.
The orc priest is severely wounded.
You feel sick.
The orc priest mumbles some strange prayers to Beogh against you.
Beogh smites you!
You die...

.##.# .##.# .##.# .##.#
.##.# ###.# ###.# ....#
#########################
#####
..(wooo.@................
#########################


You could see a worm, an orc priest and 2 orcs.

Vanquished Creatures
  Terence (D:2)
  A gnoll (D:2)
  4 adders
  2 worms
  A dart slug (D:1)
  6 orcs (D:3)
  3 giant cockroaches (D:3)
  10 goblins
  8 hobgoblins
  A quokka (D:2)
  A ball python (D:2)
  6 bats
  2 frilled lizards
  4 kobolds
  6 rats
56 creatures vanquished.

Vanquished Creatures (collateral kills)
  An orc wizard (D:3)
  2 gnolls (D:2)
  2 kobolds (D:3)
5 creatures vanquished.

Grand Total: 61 creatures vanquished

Notes
Turn   | Place    | Note
-------+----------+-------------------------------------------
     0 | D:1      | sagitran the Demonspawn Wanderer began the quest for the Orb.
     0 | D:1      | sagitran set off with: a book of Frost, the Handbook of the Birds, a scroll of teleportation, a +0 robe, a +0 dagger, a bread ration
     0 | D:1      | Reached XP level 1. HP: 13/13 MP: 4/4
     0 | D:1      | Identified the Handbook of the Birds
     2 | D:1      | Learned a level 1 spell: Freeze
     4 | D:1      | Learned a level 1 spell: Shock
    59 | D:1      | Found a shimmering altar of Xom.
   294 | D:1      | Gained mutation: A weak demonic guardian rushes to your aid. [demonic ancestry]
   294 | D:1      | Reached XP level 2. HP: 19/19 MP: 4/6
   642 | D:2      | Learned a level 2 spell: Throw Frost
   700 | D:2      | Noticed Terence
   847 | D:2      | Gained mutation: You are immune to rotting. [demonic ancestry]
   847 | D:2      | Reached XP level 3. HP: 16/24 MP: 5/8
   852 | D:2      | Learned a level 3 spell: Ozocubu's Armour
  1031 | D:2      | Found a shadowy altar of Dithmenos.
  1325 | D:2      | Found a glowing silver altar of Zin.
  1608 | D:2      | Reached skill level 4 in Spellcasting
  1788 | D:2      | Learned a level 3 spell: Mephitic Cloud
  1807 | D:2      | Killed Terence
  1807 | D:2      | Reached XP level 4. HP: 15/31 MP: 3/10
  2065 | D:3      | Found a faded altar of an unknown god.
  2097 | D:3      | Became a worshipper of Xom of Chaos
  2231 | D:3      | Reached skill level 1 in Conjurations
  2399 | D:3      | XOM: harmless Air miscast
  2486 | D:3      | Reached skill level 1 in Fighting
  2502 | D:3      | Reached skill level 1 in Short Blades
  2545 | D:3      | Reached XP level 5. HP: 23/37 MP: 9/11
  2657 | D:3      | XOM: summons 2 hostile demons
  2763 | D:3      | XOM: mild Pois miscast
  2776 | D:3      | Killed from afar by an orc priest

Skill      XL: |  1  2  3  4 |
---------------+-------------+-----
Ice Magic      | 3 |  3.1
Spellcasting   | 4 |  4.2
Conjurations   | 1 |  1.1
Fighting       | 1 |  1.1
Short Blades   | 1 |  1.3
Dodging        | |  0.6
Stealth        | |  1.7
Shields        | |  1.0
Hexes          | |  2.0
Air Magic      | |  0.1

Action                   |  1- 3 |  4- 6 || total
-------------------------+-------+-------++-------
Melee: Dagger            |    68 |   101 ||   169
Throw: Throwing net      |     5 |       ||     5
       Tomahawk          |       |    13 ||    13
 Cast: Freeze            |    15 |    17 ||    32
       Shock             |     7 |     6 ||    13
       Throw Frost       |    13 |    11 ||    24
       Ozocubu's Armour  |     2 |       ||     2
  Use: Scroll            |       |     6 ||     6
       Potion            |       |     4 ||     4
 Stab: Sleeping          |     2 |       ||     2
       Held in net/web   |     2 |       ||     2
  Eat: Meat ration       |     1 |       ||     1
       Royal jelly       |     1 |       ||     1
Armor: Robe              |    10 |     3 ||    13
       Leather armour    |       |    28 ||    28
Dodge: Dodged            |    29 |    64 ||    93
